 Dungeon Crawl Stone Soup version 0.29-a0-962-gc8bbfd0a37 (webtiles) character file.

Game seed: 11328172237403435396

5318 Armakuni the Cruncher (level 11, -15/83 (94) HPs)
             Began as a Meteoran Wanderer on July 29, 2022.
             Killed from afar by an efreet (28 damage)
             ... with a bolt of fire
             ... on level 9 of the Dungeon on July 30, 2022.
             The game lasted 00:16:38 (5485 turns).

Armakuni the Cruncher (Meteoran Wanderer)           Turns: 5485, Time: 00:16:38

HP:   -15/83 (94)   AC: 12    Str: 16    XL:     11   Next: 16%
MP:   14/14         EV: 15    Int: 16    God:
Gold: 406           SH:  0    Dex: 14    Spells: 11/12 levels left

rFire   . . .      SeeInvis .   g - +7 Throatcutter {drain, coup de grace}
rCold   . . .      Faith    .   (no shield)
rNeg    . . .      Spirit   .   c - +3 leather armour {Will+}
rPois   .          Reflect  .   (no helmet)
rElec   .          Harm     .   (no cloak)
rCorr   .          Rampage  .   B - +0 pair of gloves
Will    ++...                   (no boots)
Stlth   +.........              R - amulet of regeneration
HPRegen 1.03/turn               A - +4 ring of protection
MPRegen 0.14/turn               (no ring)

@: glowing, heavily drained
A: sense surroundings 2, otherworldly, glowing, explore regen
a: no special abilities


You were on level 9 of the Dungeon.
You visited 2 branches of the dungeon, and saw 11 of its levels.

You collected 462 gold pieces.
You spent 56 gold pieces at shops.

Inventory:

Hand Weapons
 b - a +1 spear of venom
 g - the +7 Throatcutter (weapon) {drain, coup de grace}
   (You found it on level 4 of the Dungeon)

   A truly terrible weapon, it drains the life of any living foe it strikes.
   It may instantly kill foes which have little health.
 n - the +5 whip of Cataclysm {vorpal, rC+++ rCorr Str-3}
   (You found it on level 3 of the Dungeon)

   It inflicts extra damage upon your enemies.
   Str:       It affects your strength (-3).
   rC:        It renders you almost immune to cold.
   rCorr:     It protects you from acid and corrosion.
 D - a +0 scimitar
 F - a +0 quarterstaff
Missiles
 f - 4 poisoned darts
Armour
 c - a +3 leather armour of willpower (worn)
 l - the +6 chain mail of the Moon {Will+ Int+4}
   (You found it on level 7 of the Dungeon)

   Int:       It affects your intelligence (+4).
   Will:      It increases your willpower.
 t - a +0 buckler
 B - a +0 pair of gloves (worn)
Magical Staves
 m - a staff of cold
Jewellery
 A - a +4 ring of protection (left hand)
 R - an amulet of regeneration (around neck)
Wands
 E - a wand of flame (43)
Scrolls
 d - 3 scrolls of teleportation
 h - 2 scrolls of silence
 i - 3 scrolls of blinking
 j - 2 scrolls of summoning
 k - 3 scrolls of fear
 o - a scroll of immolation
 p - 2 scrolls of magic mapping
 s - a scroll of brand weapon
 u - a scroll of enchant weapon
 x - 2 scrolls of fog
 y - a scroll of vulnerability
 C - 2 scrolls of amnesia
Potions
 a - 3 potions of heal wounds
 e - 2 potions of brilliance
 q - 3 potions of haste {unknown}
 r - 2 potions of flight {unknown}
 w - a potion of curing {unknown}
 z - a potion of degeneration {unknown}


   Skills:
 - Level 8.2 Fighting
 - Level 2.4(8.0) Polearms
 - Level 11.8(12.0) Staves
 + Level 8.5 Armour
 + Level 8.4 Dodging
 - Level 4.0 Shields
 - Level 1.3 Spellcasting
 - Level 3.6 Summonings
 + Level 8.4 Evocations


You had 11 spell levels left.
You knew the following spells:

 Your Spells              Type           Power      Damage    Failure   Level
a - Summon Small Mammal   Summ           48%        N/A       6%          1

Your spell library contained the following spells:

 Spells                   Type           Power      Damage    Failure   Level
 Poisonous Vapours        Pois/Air       2%         N/A       36%         2
 Summon Guardian Golem    Hex/Summ       6%         N/A       36%         3
 Summon Lightning Spire   Summ/Air       6%         N/A       77%         4
 Corpse Rot               Necr/Pois/Air  1%         N/A       95%         4
 Fulminant Prism          Conj/Hex       0%         3d6       95%         4
 Iskenderun's Mystic Bla  Conj/Tloc      1%         2d3       95%         4
 Lee's Rapid Deconstruct  Erth           0%         3d5*      100%        5


Dungeon Overview and Level Annotations

Branches:
Dungeon (10/15) Zot: 810   Temple (1/1) D:4 Zot: 421
   Lair: D:8-11         Orc: D:9-12

Altars:
Ashenzari
Dithmenos
Gozag
Hepliaklqana
Kikubaaqudgha
Makhleb
Nemelex Xobeh
Qazlal
Ru
Sif Muna
Uskayaw
Vehumet
Wu Jian
Xom
Yredelemnul
The Shining One

Shops:
D:3 ?((*[

Annotations:
D:8 5 transporters


Innate Abilities, Weirdness & Mutations

You passively map the area around you.
You are easily found by Zot.
You glow in the dark.
You regain HP and MP as you explore.


Message History

You hear some strange, mumbled words.
A magic dart appears from out of thin air!
The magic dart hits you.
You hit something. Something hits you but does no damage.
You slash something!
Reactivating autopickup.
You feel a bit more experienced.
Items here: )))) [[[[.
There is a stone staircase leading up here.
Items here: )) [[.
An efreet comes into view.
It is wielding a +1 scimitar of flaming.
The efreet gestures at you. The bolt of fire misses you.
A bullfrog and an orc wizard come into view.
The bullfrog croaks.
You hear a shout!
The efreet gestures at you. The bolt of fire hits you!
A kobold brigand comes into view.
It is wielding a +0 dagger and quivering curare-tipped darts.
The kobold brigand shouts!
You hear a shout!
The efreet gestures at you. The bolt of fire hits you!
The kobold brigand moves out of view.
You hit the efreet.
The efreet is lightly wounded.
The bullfrog is engulfed in blazing flames.
An orc wizard comes into view. It is wielding a +0 dagger.
The efreet hits you with a +1 scimitar of flaming!
The efreet burns you.
You slash the efreet!
The efreet is moderately wounded.
The efreet completely misses you. The efreet gestures at you.
The fireball explodes!
The fireball engulfs you!!
* * * LOW HITPOINT WARNING * * *
The fireball engulfs the efreet.
The efreet completely resists.
You hear a shout!
You hit the efreet.
The efreet is moderately wounded.
The efreet gestures at you. The bolt of fire hits you!!
You die...

..# * , ,,
.###########..###
*..,*** ,
................. ..#
,, , ................
...* ..............#
#.### **
..............#.....#
,, *
.......)).....#.....#
, ,
.......).<....RFo....
⌠ , *
.......)#####@#.. ,*
,, , ........#####.#
* ,,,
,..............###.#*
**, * ,,
....................*
, ,
....................
, ,
,...........#######..
8 ,............. . ,
,, *, ,
.............. , ,,
** ######..####### ,
* * ** ,


You could see an efreet, a bullfrog and an orc wizard.

Vanquished Creatures
  Pikel (D:8)
  Grinder (D:3)
  3 vampire mosquitoes (D:8)
  2 steam dragons
  A water moccasin (D:5)
  Duvessa (D:7)
  3 sky beasts
  2 black bears
  An ogre (D:6)
  2 centaurs (D:8)
  2 lemures (D:8)
  A phantom (D:6)
  3 bullfrogs
  2 gnoll sergeants
  4 scorpions
  5 wights (D:9)
  Dowan (D:7)
  An orc priest (D:7)
  6 hounds
  2 jellies (D:6)
  A gnoll bouda (D:6)
  7 orc wizards
  Terence (D:3)
  7 iguanas
  15 gnolls
  7 adders
  A white imp (D:5)
  An ufetubus (D:5)
  2 worms
  A dart slug (D:4)
  26 orcs
  9 endoplasms
  9 giant cockroaches
  4 goblins
  6 hobgoblins
  4 jackals (D:2)
  2 quokkas
  2 ball pythons (D:1)
  10 bats
  9 frilled lizards
  8 kobolds
  4 rats
180 creatures vanquished.

Vanquished Creatures (others)
  7 plants (D:4)
7 creatures vanquished.

Grand Total: 187 creatures vanquished

Notes
Turn   | Place    | Note
-------+----------+-------------------------------------------
     0 | D:1      | Armakuni the Meteoran Wanderer began the quest for the Orb.
     0 | D:1      | Armakuni set off with the following items: a +1 spear, a
                  | scroll of teleportation, a +0 robe; and the following spell
                  | memorised: Summon Small Mammal; and the following spells
                  | available to memorise: Summon Guardian Golem, Summon
                  | Lightning Spire.
     0 | D:1      | Reached XP level 1. HP: 22/22 MP: 3/3
    48 | D:1      | Reached skill level 1 in Staves
    55 | D:1      | Reached XP level 2. HP: 24/28 MP: 5/5
    68 | D:1      | Reached skill level 2 in Staves
   131 | D:1      | Reached XP level 3. HP: 5/34 MP: 6/6
   262 | D:1      | Reached skill level 3 in Staves
   503 | D:1      | Glimpsed the power of Zot.
   553 | D:1      | Glimpsed the power of Zot.
   951 | D:3      | Found Qidiwkoj's General Store.
   959 | D:3      | Found Cauzer's Antique Weapon Shoppe.
   965 | D:3      | Noticed Grinder
  1027 | D:2      | Reached XP level 4. HP: 38/41 MP: 7/7
  1062 | D:3      | Reached skill level 4 in Staves
  1153 | D:3      | Found a basalt altar of Yredelemnul.
  1153 | D:3      | Noticed Terence
  1171 | D:3      | Killed Terence
  1172 | D:3      | Reached XP level 5. HP: 34/47 MP: 8/8
  1185 | D:3      | Found Foulibarph's Antique Weapon Shop.
  1225 | D:4      | Reached skill level 5 in Staves
  1302 | D:3      | Killed Grinder
  1303 | D:3      | Reached skill level 7 in Staves
  1303 | D:3      | Reached XP level 6. HP: 41/53 MP: 7/9
  1303 | D:3      | Reached XP level 7. HP: 47/60 MP: 7/10
  1335 | D:3      | Reached skill level 8 in Staves
  1388 | D:3      | Found Peuptyco's Magic Scroll Shop.
  1392 | D:3      | Bought a scroll of fear for 56 gold pieces
  1420 | D:3      | Identified the +5 whip of Cataclysm {vorpal, rC+++ rCorr
                  | Str-3}
  1454 | D:3      | Found a faded altar of an unknown god.
  1581 | D:3      | Found Finto's Antique Armour Emporium.
  1590 | D:3      | Upgraded the game from 0.29-a0-925-g0a7a3d12f8 to
                  | 0.29-a0-962-gc8bbfd0a37
  1731 | D:4      | Found a staircase to the Ecumenical Temple.
  1742 | Temple   | Entered the Ecumenical Temple
  2109 | D:5      | Entered Level 5 of the Dungeon
  2109 | D:5      | Found a broken altar of Ashenzari.
  2110 | D:5      | Found an opulent altar of Gozag.
  2526 | D:4      | Found an ancient bone altar of Kikubaaqudgha.
  2648 | D:4      | Found the +7 Throatcutter {drain, coup de grace}
  2910 | D:5      | Reached skill level 9 in Staves
  2910 | D:5      | Reached XP level 8. HP: 43/67 MP: 11/11
  3163 | D:5      | Identified the +8 chain mail "Zoxepn" {rPois}
  3184 | D:5      | Reached skill level 10 in Staves
  3184 | D:5      | Reached skill level 1 in Shields
  3206 | D:5      | Noticed a +0 spear
  3219 | D:5      | Noticed a +0 short sword
  3219 | D:5      | Noticed a +0 falchion
  3219 | D:5      | Noticed a +0 falchion
  3221 | D:5      | Noticed a +0 short sword
  3221 | D:5      | Noticed a +0 spear
  3222 | D:5      | Noticed a +0 dagger
  3223 | D:5      | Noticed a +0 dagger
  3229 | D:5      | Found a hide-covered altar of Uskayaw.
  3790 | D:7      | Noticed a steam dragon
  3792 | D:7      | Noticed Dowan
  3793 | D:7      | Identified the +6 chain mail of the Moon {Will+ Int+4}
  3799 | D:7      | Killed a steam dragon
  3800 | D:7      | Reached skill level 11 in Staves
  3800 | D:7      | Gained mutation: You passively map the area around you.
                  | [Meteoran growth]
  3800 | D:7      | Reached XP level 9. HP: 11/72 MP: 12/12
  3801 | D:7      | Noticed Duvessa
  3838 | D:6      | Reached XP level 10. HP: 88/88 MP: 13/13
  3844 | D:7      | Killed Duvessa
  3849 | D:7      | Killed Dowan
  3931 | D:6      | Found a stormy altar of Qazlal.
  4247 | D:6      | Found a radiant altar of Vehumet.
  4592 | D:7      | Found a hazy altar of Hepliaklqana.
  4832 | D:7      | Found an ornate altar of the Wu Jian Council.
  4833 | D:7      | Glimpsed the power of Zot.
  4883 | D:7      | Glimpsed the power of Zot.
  4923 | D:7      | Glimpsed the power of Zot.
  4933 | D:7      | Touched by the power of Zot.
  5044 | D:10     | Entered Level 10 of the Dungeon
  5150 | D:8      | Found a glowing golden altar of the Shining One.
  5182 | D:8      | Noticed Pikel
  5213 | D:8      | Killed Pikel
  5214 | D:8      | Reached XP level 11. HP: 45/83 MP: 14/14
  5223 | D:8      | Found a transporter.
  5225 | D:8      | Found a transporter.
  5263 | D:8      | Found a transporter.
  5278 | D:8      | Found a transporter.
  5342 | D:8      | Found a transporter.
  5485 | D:9      | Killed from afar by an efreet

Illustrated notes

Levels and vault maps discovered:
D:1:      dpeg_arrival_shrine, layout_basic
D:2:      layout_rooms
D:3:      layout_rooms, mainiacjoe_overflow_six_doors_small,
          serial_corexii_hall, chequers_hall_statues_wall_a,
          corexii_hall_statues_deadend, dreamdust_ecumenical_altar_statues,
          serial_shops, shop_statue, nicolae_lakefront_shop, shop,
          nicolae_shop_competitors_out_of_business, shop, uniq_terence,
          uniq_grinder
D:4:      layout_loops_corners, nicolae_kikubaaqudgha_miasma_corner,
          minmay_temple_entry_butterflies, minmay_lizard_king
D:5:      layout_loops_ring, nicolae_uskayaw_en_pointe,
          nicolae_gozag_seed_capital, mainiacjoe_overflow_cross_hatched
D:6:      layout_loops_corners, mainiacjoe_overflow_brackets, lemuel_tele_altar
D:7:      layout_rooms, marbit_many_paths,
          mainiacjoe_overflow_concentric_impassable, uniq_duvessa
D:8:      layout_basic, mainiacjoe_overflow_tiny_flanked, grunt_ministairs_3,
          serial_nicolae_subway, nicolae_sub_station_stone,
          nicolae_sub_station_metal, nicolae_sub_station_crystal, uniq_pikel
D:9:      layout_long_grid, orc_david_3, serial_shops, nicolae_lakefront_shop,
          minmay_chambers_of_fives, uniq_maggie
D:10:     minmay_ornate_pinched, layout_basic, lemuel_round_altar, zin_angel,
          elyvilon_altar_3, grunt_temple_overflow_open
Temple:   nicolae_temple_bog_church

Skill      XL: |  1  2  3  4  5  6  7  8  9 10 |
---------------+-------------------------------+-----
Staves         | 1 2 3 4 7 9 11 | 11.8
Shields        | 3 4 |  4.0
Fighting       | 8 |  8.2
Armour         | 7 8 |  8.5
Dodging        | 7 8 |  8.4
Evocations     | 7 8 |  8.4
Polearms       | |  2.4
Spellcasting   | |  1.3
Summonings     | |  3.6

Action                   |  1- 3 |  4- 6 |  7- 9 | 10-12 || total
-------------------------+-------+-------+-------+-------++-------
Melee: Spear             |   136 |    77 |   101 |     4 ||   318
       Punch             |       |     2 |     3 |       ||     5
       Long sword        |       |       |    77 |   192 ||   269
Throw: Dart              |       |       |       |     6 ||     6
 Cast: Summon Small Mamm |       |     3 |       |       ||     3
  Use: Scroll            |     2 |       |     7 |     4 ||    13
       Potion            |       |     1 |     2 |       ||     3
Armor: Robe              |    51 |    19 |    25 |       ||    95
       Ring mail         |       |       |    62 |     4 ||    66
       Leather armour    |       |       |       |   123 ||   123
Dodge: Dodged            |    51 |    30 |    71 |   153 ||   305

Table legend: (Time is in decaauts)
 A = Elapsed time spent in this place.
 B = Non-inter-level travel time spent in this place.
 C = Inter-level travel time spent in this place.
 D = Time resting spent in this place.
 E = Time spent auto-exploring this place.
 F = Levels seen in this place.
 G = Mean time per level.
                   A        B        C        D        E       F      G
               +--------+--------+--------+--------+--------+-----+--------+
         Total |   5567 |   5373 |    194 |    104 |   3408 |  11 |  506.1 |
       Dungeon |   5388 |   5219 |    169 |    104 |   3261 |  10 |  538.8 |
        Temple |    178 |    154 |     24 |      0 |    147 |   1 |  178.0 |
               +--------+--------+--------+--------+--------+-----+--------+

Top non-repeatable levels by time:
     D:4: 980 daAuts
     D:6: 852 daAuts
     D:1: 828 daAuts
     D:5: 786 daAuts
     D:3: 616 daAuts
     D:7: 552 daAuts
     D:8: 485 daAuts
     D:2: 211 daAuts
  Temple: 178 daAuts
     D:9: 73 daAuts
    D:10: 1 daAuts
